 Dungeon Crawl Stone Soup version 0.28.0-53-g5a82cb258f (webtiles) character file.

Game seed: 3661772165814995994

18624 ILmort the Fighter (level 12, -17/175 HPs)
             Began as a Minotaur Fighter on Aug 6, 2022.
             Was a High Priest of Makhleb.
             Demolished by an orc warrior
             ... wielding a +0 battleaxe
              (21 damage)
             ... on level 2 of the Orcish Mines.
             The game lasted 01:00:05 (14846 turns).

ILmort the Fighter (Minotaur Fighter)              Turns: 14846, Time: 01:00:05

Health: -17/175    AC: 26    Str: 26    XL:     12   Next: 29%
Magic:  11/11      EV:  2    Int: 11    God:    Makhleb [*****.]
Gold:   770        SH: 17    Dex: 16    Spells: 11/11 levels left

rFire   . . .      SeeInvis .   c - +2 war axe (freeze)
rCold   . . .      Faith    .   M - +0 tower shield
rNeg    . . .      Spirit   .   (armour currently unavailable)
rPois   +          Reflect  .   (helmet currently unavailable)
rElec   .          Harm     .   (cloak currently unavailable)
rCorr   .          Rampage  .   (gloves currently unavailable)
Will    .....      NoTele   +   (boots currently unavailable)
Stlth   +.........              e - amulet of the acrobat
HPRegen 0.39/turn               n - +6 ring of intelligence
MPRegen 0.12/turn               Q - +6 ring of dexterity

@: tree-form
A: stationary, stasis, torment immunity, boosted hp, (horns 2), (retaliatory
headbutt)
a: Renounce Religion, Minor Destruction, Lesser Servant of Makhleb, Major
Destruction, Greater Servant of Makhleb


You were on level 2 of the Orcish Mines.
You worshipped Makhleb.
Makhleb was extremely pleased with you.
You were a tree.
You visited 2 branches of the dungeon, and saw 12 of its levels.
You also visited: Ossuary and Bailey.

You collected 1372 gold pieces.
You spent 602 gold pieces at shops.

Inventory:

Hand Weapons
 c - a +2 war axe of freezing (weapon)
 x - a +3 battleaxe
Missiles
 y - 3 throwing nets (quivered)
Armour
 i - a +0 kite shield
 k - a +1 pair of boots of flying (melded)
 B - an orb of wrath
 C - the +2 cloak of Uvviekuta (melded) {rPois rF+ rC+}
   (You found it on level 7 of the Dungeon)

   rF:        It protects you from fire.
   rC:        It protects you from cold.
   rPois:     It protects you from poison.
 D - a +2 pair of gloves of dexterity (melded)
 G - a +0 scale mail of cold resistance
 H - a scarf of invisibility
 K - a +3 plate armour of fire resistance (melded)
 M - a +0 tower shield (worn)
Magical Staves
 I - a staff of air
Jewellery
 e - an amulet of the acrobat (around neck)
 n - a +6 ring of intelligence (left branch)
 F - a ring of see invisible
 Q - a +6 ring of dexterity (right branch)
Wands
 a - a wand of iceblast (15)
 j - a wand of digging (4)
 w - a wand of flame (30)
 A - a wand of acid (8)
 L - a wand of paralysis (6)
Scrolls
 g - 8 scrolls of teleportation
 v - 2 scrolls of magic mapping
 z - a scroll of enchant armour
 E - a scroll of fog
 J - 2 scrolls of summoning
Potions
 b - 2 potions of invisibility
 d - a potion of might
 f - 8 potions of curing
 h - 3 potions of brilliance
 l - 4 potions of resistance
 m - 2 potions of lignification
 o - 4 potions of cancellation
 p - 3 potions of berserk rage
 q - 4 potions of attraction
 r - a potion of degeneration {unknown}
 s - 2 potions of magic
 t - 3 potions of flight
 u - a potion of mutation {unknown}
 P - a potion of experience


   Skills:
 + Level 14.1 Fighting
 + Level 13.9 Axes
 + Level 11.1 Armour
 + Level 11.1 Shields


You had 11 spell levels left.
You didn't know any spells.
Your spell library contained the following spells:

 Spells                   Type           Power      Damage    Failure   Level
 Apportation              Tloc           0%         N/A       89%         1
 Foxfire                  Conj/Fire      0%         2x1d4     89%         1
 Corpse Rot               Necr/Air       0%         N/A       96%         2
 Sublimation of Blood     Necr           0%         N/A       96%         2
 Conjure Flame            Conj/Fire      0%         6-21      99%         3
 Ignite Poison            Fire/Tmut/Pois 0%         N/A       99%         3
 Inner Flame              Hex/Fire       0%         N/A       99%         3
 Dispel Undead            Necr           0%         3d6       100%        4
 Flame Wave               Conj/Fire      0%         2d4       100%        4
 Petrify                  Tmut/Erth      0%         N/A       100%        4
 Sticky Flame             Conj/Fire      0%         2d3       100%        4
 Alistair's Intoxication  Tmut/Pois      0%         N/A       100%        5
 Irradiate                Conj/Tmut      0%         3d13      100%        5
 Death Channel            Necr           0%         N/A       100%        6


Dungeon Overview and Level Annotations

Branches:
Dungeon (10/15)            Temple (0/1) D:7             Orc (2/2) D:9
Ossuary (visited)          Bailey (visited)
   Lair: D:8-11         Elf: Orc:2

Altars:
Ashenzari
Cheibriados
Fedhas
Hepliaklqana
Makhleb
Okawaru
Qazlal
Ru
Wu Jian
Yredelemnul
The Shining One
Beogh

Shops:
D:9 [(


Innate Abilities, Weirdness & Mutations

You are a tree.
Your roots penetrate the ground, keeping you stationary.
You cannot be teleported.
You are immune to unholy pain and torment.
Your maximum health is greatly increased.
Your equipment is partially melded.
((You have a pair of horns on your head.))
((You reflexively headbutt those who attack you in melee.))


Message History

The orc warrior hits you but does no damage.
The orc shoots a bolt.
The bolt hits you but does no damage. The orc warrior barely misses you.
You block the orc warrior's attack. The orc warrior barely misses you.
You hit the orc warrior. You freeze the orc warrior.
The orc warrior is severely wounded.
You slash the orc warrior! You freeze the orc warrior.
You closely miss the orc warrior.
The orc warrior no longer looks unusually strong.
The orc warrior hits you with a +0 battleaxe!
* * * LOW HITPOINT WARNING * * *
An orc warrior comes into view. It is wielding a +0 dire flail.
The orc warrior hits you from afar with a +0 glaive!
* * * LOW HITPOINT WARNING * * *
The orc warrior hits you but does no damage.
You block the orc warrior's attack.
The orc warrior hits you with a +0 battleaxe!!
* * * LOW HITPOINT WARNING * * *
Okay, then.
Okay, then.
Okay, then.
You cannot teleport because you are held in place by your roots.
You cannot move.
You cannot move.
You hit the orc. You freeze the orc.
The orc is moderately wounded.
You slash the orc warrior! You freeze the orc warrior.
You kill the orc warrior!
Makhleb accepts your kill.
You feel better.
You hit the orc warrior. You freeze the orc warrior.
You barely miss the orc warrior.
The orc unwields a +0 arbalest.
The orc wields a +0 hand axe.
You block the orc's attack.
The orc warrior hits you from afar with a +0 glaive!
* * * LOW HITPOINT WARNING * * *
An orc warrior comes into view. It is wielding a +0 mace.
You block the orc warrior's attack.
The orc knight roars a battlecry!
The orcs go into a battle-frenzy!
The orc warrior hits you with a +0 battleaxe!!
You die...

.............##... ..
................. ... ..
...<...#........##..##..
......##...##..##.......
.......#....#..#........
.#....))................
......)........#......≈≈
......).......)#oo...≈≈≈
...............)♣o.ooo.o
.......#......))o)o.....
...............#...o.≈≈≈
...............#......≈≈
........................
...............#........
...............##....... ..≈≈ ≈
..........#.....##..##..##...###.
................. .............


You could see 2 orc knights, 6 orc warriors and 2 orcs.

Vanquished Creatures
  An orc warlord (Bailey)
  Harold (D:7)
  A boulder beetle (D:10)
  3 two-headed ogres
  3 orc knights
  Maggie (D:7)
  Psyche (D:8)
  2 trolls (Orc:1)
  Grinder (D:5)
  Prince Ribbit (D:8)
  A wraith (D:7)
  Sigmund (D:2)
  2 wyverns (D:8)
  18 yaks (D:10)
  2 steam dragons
  Grum (D:10)
  An acid dragon (D:9)
  2 water moccasins
  25 orc warriors
  A sky beast (D:7)
  A hornet zombie (D:6)
  A black bear (D:6)
  3 ogres
  2 necrophages (D:5)
  8 centaurs
  3 wolves (D:10)
  A phantom (D:5)
  3 kobold brigands
  3 bullfrogs
  A wyvern zombie (D:7)
  A gnoll sergeant (D:6)
  3 scorpions
  A wyvern skeleton (D:7)
  6 killer bees (D:9)
  15 wights
  4 electric eels
  A howler monkey (D:5)
  3 centaur zombies
  2 hounds
  2 jellies
  6 orc priests
  Crazy Yiuf (D:5)
  9 orc wizards
  2 iguanas
  2 hound skeletons (D:4)
  8 mummies (Ossuary)
  2 howler monkey zombies
  Robin (D:3)
  30 gnolls
  A howler monkey skeleton (D:7)
  4 adders
  A shadow imp (D:8)
  An adder skeleton (D:5)
  2 worms (D:3)
  3 dart slugs
  38 orcs
  A bat (D:1)
  4 endoplasms
  4 giant cockroaches
  A gnoll zombie (Ossuary)
  23 goblins
  21 hobgoblins
  A jackal (D:3)
  5 quokkas
  4 ball pythons
  3 frilled lizards
  2 hobgoblin zombies (Ossuary)
  13 kobolds
  4 kobold zombies (Ossuary)
  An orc zombie (Ossuary)
  A rat (D:1)
332 creatures vanquished.

Vanquished Creatures (collateral kills)
  An orc knight (Bailey)
  3 orc warriors (Bailey)
  A goblin (Bailey)
5 creatures vanquished.

Vanquished Creatures (others)
  Erica (D:8)
  8 plants
9 creatures vanquished.

Grand Total: 346 creatures vanquished

Notes
Turn   | Place    | Note
-------+----------+-------------------------------------------
     0 | D:1      | ILmort the Minotaur Fighter began the quest for the Orb.
     0 | D:1      | Reached XP level 1. HP: 19/19 MP: 0/0
   316 | D:1      | Reached XP level 2. HP: 27/27 MP: 1/1
   701 | D:1      | Reached skill level 4 in Fighting
  1045 | D:2      | Reached XP level 3. HP: 30/33 MP: 2/2
  1272 | D:2      | Noticed Sigmund
  1282 | D:2      | Killed Sigmund
  1283 | D:2      | Reached skill level 5 in Fighting
  1283 | D:2      | Reached skill level 5 in Axes
  1283 | D:2      | Reached XP level 4. HP: 30/44 MP: 3/3
  1283 | D:2      | Reached XP level 5. HP: 34/50 MP: 4/4
  1673 | D:2      | Reached skill level 6 in Fighting
  1683 | D:2      | Reached XP level 6. HP: 31/57 MP: 5/5
  2417 | D:3      | Found a faded altar of an unknown god.
  2791 | D:3      | You fall into a shaft and drop 1 floor!
  2982 | D:4      | Found a blossoming altar of Fedhas.
  3003 | D:4      | Reached skill level 7 in Fighting
  3070 | D:4      | Reached XP level 7. HP: 66/66 MP: 6/6
  3192 | D:4      | Found a hazy altar of Hepliaklqana.
  3487 | D:3      | Found a large runed translucent door.
  3488 | D:3      | Found a large runed translucent door.
  3515 | D:3      | Noticed Robin
  3531 | D:3      | Killed Robin
  3980 | D:3      | Found a burning altar of Makhleb.
  3988 | D:3      | Became a worshipper of Makhleb the Destroyer
  3993 | D:3      | Found a stormy altar of Qazlal.
  4057 | D:5      | Entered Level 5 of the Dungeon
  4111 | D:5      | Noticed Grinder
  4117 | D:5      | Paralysed by Grinder for 7 turns
  4135 | D:5      | Killed Grinder
  4136 | D:5      | Reached skill level 8 in Fighting
  4503 | D:5      | Found a sand-covered staircase.
  4515 | Ossuary  | Entered an ossuary
  4901 | D:5      | Reached XP level 8. HP: 75/75 MP: 7/7
  5005 | D:5      | Reached skill level 9 in Fighting
  5176 | D:5      | Reached * piety under Makhleb
  5358 | D:5      | Found a runed translucent door.
  5359 | D:5      | Noticed Crazy Yiuf
  5367 | D:5      | Killed Crazy Yiuf
  6210 | D:6      | Reached skill level 10 in Fighting
  6274 | D:6      | Identified the +5 leather armour of Lilacs {rC+ Int+3
                  | Dex-4}
  6593 | D:6      | HP: 2/79 [gnoll sergeant/+5 antimagic trident (9)]
  6599 | D:6      | Reached XP level 9. HP: 12/85 MP: 0/8
  6995 | D:6      | Reached skill level 10 in Axes
  7272 | D:7      | Found a sacrificial altar of Ru.
  7604 | D:7      | Reached skill level 5 in Armour
  7604 | D:7      | Reached skill level 5 in Shields
  7609 | D:7      | Noticed Harold
  7620 | D:7      | Killed Harold
  7646 | D:7      | Reached skill level 11 in Fighting
  7910 | D:7      | Found a staircase to the Ecumenical Temple.
  7928 | D:7      | Identified the +2 cloak of Uvviekuta {rPois rF+ rC+}
  7958 | D:7      | Noticed Maggie
  7968 | D:7      | Killed Maggie
  8436 | D:7      | Reached XP level 10. HP: 86/96 MP: 9/9
  8952 | D:8      | Reached ** piety under Makhleb
  9041 | D:8      | Noticed a two-headed ogre
  9054 | D:8      | Killed a two-headed ogre
  9380 | D:8      | Found a snail-covered altar of Cheibriados.
  9522 | D:8      | Noticed Prince Ribbit
  9526 | D:8      | Noticed Erica
  9534 | D:8      | Killed Prince Ribbit
  9540 | D:8      | Killed Erica
  9541 | D:8      | Reached skill level 12 in Fighting
  9942 | D:8      | Noticed Psyche
  9973 | D:8      | Killed Psyche
 10107 | D:9      | Found an iron altar of Okawaru.
 10530 | D:9      | Reached *** piety under Makhleb
 10590 | D:9      | Found Xicuteor's Weapon Boutique.
 10591 | D:9      | Found a staircase to the Orcish Mines.
 10591 | D:9      | Found Jazeung's Armour Boutique.
 10611 | D:9      | Bought a +2 pair of gloves of dexterity for 301 gold pieces
 10611 | D:9      | Bought a +2 chain mail of fire resistance for 301 gold
                  | pieces
 10637 | D:9      | Found a flagged portal.
 10709 | Bailey   | Entered a bailey
 10941 | Bailey   | Reached XP level 11. HP: 96/105 MP: 10/10
 10989 | Bailey   | Reached **** piety under Makhleb
 11018 | Bailey   | Noticed an orc knight
 11030 | Bailey   | Killed an orc knight
 11049 | Bailey   | Noticed an orc warlord
 11060 | Bailey   | Noticed an orc knight
 11359 | Bailey   | Killed an orc knight
 11590 | Bailey   | Killed an orc warlord
 12407 | D:9      | Found an ornate altar of the Wu Jian Council.
 12409 | D:9      | Found a broken altar of Ashenzari.
 12452 | D:9      | Reached skill level 13 in Fighting
 12748 | D:10     | Entered Level 10 of the Dungeon
 12886 | D:10     | Found a glowing golden altar of the Shining One.
 12914 | D:10     | Noticed a two-headed ogre
 12920 | D:10     | Killed a two-headed ogre
 13051 | D:10     | Reached skill level 10 in Shields
 13057 | D:10     | Reached skill level 10 in Armour
 13100 | D:10     | Noticed Grum
 13111 | D:10     | Killed Grum
 13278 | D:10     | Found a basalt altar of Yredelemnul.
 13280 | D:10     | Noticed a profane servitor
 13428 | D:10     | Noticed a two-headed ogre
 13429 | D:10     | Noticed a boulder beetle
 13439 | D:10     | Killed a boulder beetle
 13442 | D:10     | Killed a two-headed ogre
 13443 | D:10     | Reached XP level 12. HP: 116/116 MP: 11/11
 13617 | D:10     | Noticed an angel
 13708 | Orc:1    | Entered Level 1 of the Orcish Mines
 13966 | Orc:1    | Reached ***** piety under Makhleb
 14628 | Orc:2    | Entered Level 2 of the Orcish Mines
 14638 | Orc:2    | Reached skill level 14 in Fighting
 14846 | Orc:2    | HP: 4/175 [orc warrior/+0 glaive (12)]
 14846 | Orc:2    | Demolished by an orc warrior

Illustrated notes

Levels and vault maps discovered:
D:1:      heliophobic_arrival_dark_side_of_the_moon, layout_loops_ring,
          serial_rivers, chequers_serial_rivers_micro_d,
          chequers_serial_rivers_small_a, chequers_serial_rivers_small_a,
          chequers_serial_rivers_room_a, chequers_serial_rivers_micro_c
D:2:      layout_loops_ring, minmay_misc_feat_pillars,
          nicolae_concentric_dashed_squares_mild, hex_medium,
          minmay_misc_feat_columns, uniq_sigmund
D:3:      cheibrodos_helix_gallery, layout_loops_corners, jmf_multi_god_temple2,
          hellmonk_ecumenical_altar_heavens_door, skrybe_limestone_x, uniq_robin
D:4:      layout_layer_cave, worldfamousw_hep_ancestral_shrine,
          general_overflow_altar
D:5:      layout_loops_cross, chequers_ossuary_entry_cave,
          kennysheep_generic_room_5, uniq_crazy_yiuf_cottage, uniq_grinder
D:6:      layout_rooms, nrook_pool_corridor
D:7:      layout_gridville, lemuel_tele_altar, minmay_temple_entry_sparse_star,
          serial_bayou_lake_a, uniq_maggie, uniq_harold
D:8:      layout_basic, mainiacjoe_overflow_chevrons, minivault_26, uniq_erica,
          uniq_psyche, uniq_prince_ribbit1
D:9:      layout_long_grid, chequers_temple_overflow_statue_of_worship,
          orc_david_3, enter_bailey_2, david_defended_altar_orc
D:10:     layout_cave_pools, grunt_temple_overflow_holy_war,
          minmay_tree_intersection, lightli_fourway_metalbox, uniq_grum
Orc:1:    layout_diamond_mine, basic_altar
Orc:2:    st_orc_rangers, layout_caves, ebering_ghost_rock_garden

Skill      XL: |  1  2  3  4  5  6  7  8  9 10 11 12 |
---------------+-------------------------------------+-----
Fighting       | 4 5 6 7 8 10 11 12 13 14 | 14.1
Axes           | 3 5 6 8 9 11 12 13 | 13.9
Armour         | 4 6 8 10 11 | 11.1
Shields        | 4 6 8 10 11 | 11.1

Action                   |  1- 3 |  4- 6 |  7- 9 | 10-12 || total
-------------------------+-------+-------+-------+-------++-------
Melee: War axe           |    48 |    97 |   282 |   433 ||   860
       Headbutt          |     7 |    14 |    52 |    74 ||   147
       Unarmed           |       |       |       |    16 ||    16
Invok: Minor Destruction |       |       |       |     1 ||     1
       Lesser Servant of |       |       |       |     1 ||     1
  Use: Scroll            |       |       |     7 |    13 ||    20
       Potion            |       |       |     2 |     7 ||     9
Armor: Scale mail        |    21 |    27 |    87 |    41 ||   176
       Chain mail        |       |       |       |    41 ||    41
       Skin              |       |       |       |     6 ||     6
       Plate armour      |       |       |       |   116 ||   116
Dodge: Dodged            |    20 |    45 |    76 |   135 ||   276
Block: Buckler           |    14 |    24 |    42 |       ||    80
       Kite shield       |       |       |    27 |   124 ||   151
       Tower shield      |       |       |       |   236 ||   236
